 Dungeon Crawl Stone Soup version 0.29.1-15-g9cfb28693d (webtiles) character file.

Game seed: 8981644019395890893

392 MysteronAgent647 the Shooter (level 6, -3/51 HPs)
             Began as a Draconian Hunter on Apr 4, 2023.
             Slain by a phantom (5 damage)
             ... on level 4 of the Dungeon.
             The game lasted 00:10:03 (2866 turns).

MysteronAgent647 the Shooter (Draconian Hunter)     Turns: 2866, Time: 00:10:03

Health: -3/51      AC:  6    Str: 14    XL:     6   Next: 51%
Magic:  8/8        EV: 12    Int: 11    God:
Gold:   71         SH:  0    Dex: 14    Spells: 2/8 levels left

rFire   . . .      SeeInvis .   c - +2 dagger (flame)
rCold   . . .      Faith    .   (no shield)
rNeg    . . .      Spirit   .   (body armour unavailable)
rPois   .          Reflect  .   (helmet restricted)
rElec   .          Harm     .   (no cloak)
rCorr   .          Rampage  .   (no gloves)
Will    .....                   (no boots)
Stlth   ++........              (no amulet)
HPRegen 0.17/turn               (no ring)
MPRegen 0.11/turn               (no ring)

@: no status effects
A: AC +6, unfitting armour, cold-blooded
a: no special abilities


You were on level 4 of the Dungeon.
You visited 1 branch of the dungeon, and saw 5 of its levels.

You collected 71 gold pieces.

Inventory:

Hand Weapons
 a - a +0 shortbow
 c - a +2 dagger of flaming (weapon)
 f - a +0 hand axe
Missiles
 d - 3 boomerangs
Scrolls
 b - a scroll of poison
 g - a scroll of enchant armour


   Skills:
 * Level 3.4 Fighting
 * Level 1.5 Short Blades
 * Level 5.1 Ranged Weapons
 * Level 0.1 Throwing
 * Level 2.6 Dodging
 * Level 1.9 Stealth
 * Level 1.5 Spellcasting
 * Level 0.1 Conjurations
 * Level 1.4 Summonings
 * Level 1.1 Necromancy


You had 2 spell levels left.
You knew the following spells:

 Your Spells              Type           Power      Damage    Failure   Level
a - Call Imp              Summ           4%         N/A       26%         2
b - Necrotise             Necr           12%        1d4       19%         1
c - Mephitic Cloud        Conj/Pois/Air  0%         N/A       65%         3

Your spell library contained the following spells:

 Spells                   Type           Power      Damage    Failure   Level
 Summon Small Mammal      Summ           16%        N/A       17%         1
 Magic Dart               Conj           4%         1d3       28%         1
 Apportation              Tloc           0%         N/A       30%         1


Dungeon Overview and Level Annotations

Branches:
Dungeon (5/15)
 Temple: D:4-7

Altars:
Gozag
Qazlal


Innate Abilities, Weirdness & Mutations

Your plain brown scales are hard. (AC +6)
You cannot fit into any form of body armour.
You are cold-blooded and may be slowed by cold attacks.


Message History

You closely miss the phantom.
Your tail-slap misses the phantom.
The phantom is heavily damaged.
The phantom hits you.
* * * LOW HITPOINT WARNING * * *
You barely miss the phantom. You tail-slap the phantom.
The phantom is severely damaged.
The phantom closely misses you.
You closely miss the phantom.
The phantom is severely damaged.
The phantom closely misses you.
You hit the phantom but do no damage.
The phantom is severely damaged.
The phantom hits you.
* * * LOW HITPOINT WARNING * * *
You barely miss the phantom.
The phantom is severely damaged.
The phantom closely misses you.
You miss the phantom.
The phantom is severely damaged.
The phantom hits you.
* * * LOW HITPOINT WARNING * * *
Unknown command.
The jelly attacks as you move away! The jelly hits you but does no damage.
The phantom hits you.
* * * LOW HITPOINT WARNING * * *
The phantom blinks!
You blink.
Splash!
You fall into the shallow water.
Moving in this stuff is going to be slow.
The phantom attacks as you move away! The phantom hits you.
* * * LOW HITPOINT WARNING * * *
The phantom hits you but does no damage.
You aren't carrying any potions.
You completely miss the phantom.
The phantom is heavily damaged.
The phantom hits you but does no damage.
You closely miss the phantom.
The phantom is heavily damaged.
The phantom hits you.
You die...

#.....#
##.##...~~≈≈~~~~.#.##§8..
#.....#
#.#....~≈≈≈~~~....##.##.
#######
#...~.~~≈≈~....#.# #..##
##..~~≈≈≈~~......# #...#
###J~≈≈~~P~...### #....
###≈≈≈≈P.~....## ##...
#≈≈≈≈≈~.....#.# #...
≈≈≈≈≈P.W..###.# ####
#≈≈#≈#~..@.## #.
#≈####..........#
###......#.###### #......
.# ####### ##


You could see a phantom and a jelly.

Vanquished Creatures
  A black bear (D:4)
  A scorpion (D:4)
  A jelly (D:4)
  A hound (D:4)
  A gnoll bouda (D:5)
  2 orc priests
  2 adders
  A worm (D:2)
  2 dart slugs
  8 orcs
  4 ball pythons
  An endoplasm (D:1)
  A giant cockroach (D:4)
  3 goblins
  5 hobgoblins
  5 jackals (D:1)
  A quokka (D:4)
  2 bats (D:1)
  3 frilled lizards
  2 kobolds
47 creatures vanquished.

Vanquished Creatures (collateral kills)
  An orc (D:4)
  A kobold (D:4)
2 creatures vanquished.

Vanquished Creatures (others)
  5 plants (D:4)
5 creatures vanquished.

Grand Total: 54 creatures vanquished

Notes
Turn   | Place    | Note
-------+----------+-------------------------------------------
     0 | D:1      | MysteronAgent647 the Draconian Hunter began the quest for
                  | the Orb.
     0 | D:1      | Reached XP level 1. HP: 17/17 MP: 1/1
    31 | D:1      | Reached skill level 1 in Stealth
   357 | D:1      | Reached XP level 2. HP: 15/24 MP: 2/2
   704 | D:1      | Reached skill level 4 in Ranged Weapons
   876 | D:2      | Learned a level 2 spell: Call Imp
  1031 | D:3      | Reached XP level 3. HP: 30/30 MP: 2/4
  1077 | D:4      | Reached skill level 1 in Spellcasting
  1077 | D:4      | Reached XP level 4. HP: 27/37 MP: 5/5
  1095 | D:4      | Noticed a black bear
  1257 | D:5      | Entered Level 5 of the Dungeon
  1264 | D:5      | Learned a level 1 spell: Necrotise
  1378 | D:5      | Reached XP level 5. HP: 9/44 MP: 6/6
  1403 | D:5      | HP: 2/44 [gnoll/+0 spear[a gnoll bouda] (6)]
  1742 | D:4      | Killed a black bear
  1743 | D:4      | Reached skill level 1 in Short Blades
  1743 | D:4      | Reached skill level 1 in Summonings
  2090 | D:4      | Reached skill level 5 in Ranged Weapons
  2090 | D:4      | Reached XP level 6. HP: 19/51 MP: 8/8
  2322 | D:4      | Reached skill level 1 in Necromancy
  2548 | D:4      | Learned a level 3 spell: Mephitic Cloud
  2818 | D:4      | Found an opulent altar of Gozag.
  2818 | D:4      | Found a stormy altar of Qazlal.
  2864 | D:4      | HP: 1/51 [phantom (4)]
  2866 | D:4      | Slain by a phantom

Illustrated notes

Levels and vault maps discovered:
D:1:      nicolae_arrival_washed_ashore, layout_basic, serial_bayou_crossing
D:2:      layout_loops_corners, serial_shops, shop
D:3:      layout_basic, mainiacjoe_overflow_cross_hatched, serial_shops,
          nicolae_shop_trees, minmay_misc_feat_doors, uniq_jessica,
          uniq_crazy_yiuf_cottage
D:4:      layout_basic, jmf_multi_god_temple, chequers_big_river,
          hangedman_decor_points
D:5:      layout_loops_corners, mainiacjoe_overflow_small_starburst,
          mainiacjoe_overflow_alcove_4, mainiacjoe_overflow_two_lobes

Skill      XL: |  1  2  3  4  5  6 |
---------------+-------------------+-----
Stealth        | 1 |  1.9
Ranged Weapons | 4 5 |  5.1
Dodging        | 2 |  2.6
Spellcasting   | 1 |  1.5
Fighting       | 3 |  3.4
Short Blades   | 1 |  1.5
Summonings     | 1 |  1.4
Necromancy     | 1 |  1.1
Throwing       | |  0.1
Conjurations   | |  0.1

Action                   |  1- 3 |  4- 6 || total
-------------------------+-------+-------++-------
Melee: Dagger            |    21 |   108 ||   129
       Tailslap          |     4 |    16 ||    20
 Fire: Shortbow          |    60 |    40 ||   100
 Cast: Necrotise         |       |     3 ||     3
       Call Imp          |       |     2 ||     2
  Use: Scroll            |     2 |     3 ||     5
       Potion            |       |     1 ||     1
Armor: Skin              |    33 |    47 ||    80
Dodge: Dodged            |    67 |    87 ||   154
